cohdb
Replays
Latest Replays
All Replays
Popular Replays
Top Player Replays
Match Explorer
How It Works
Community
CoH3 Stats
Reddit
Sign in to upload your games and track your stats! →
Sign in with Steam
Match 33119909
Unlisted
Match 33119909
Overview
Messages
Build Orders
End
Construct Section Command Post
Selects Air and Sea Battlegroup
Dingo Light Scout Car
Infantry Section
Infantry Section
Infantry Section
Grenade Package
Construct Platoon Command Post
Selects Supply Surplus
6-pounder Anti-tank Gun Team
Royal Engineer Section
ALM'OND'S
Bruistablet
Professor gibberish
Karma
deluxe_d!ablo
ZuDenWaffen
Fundirrancio
skopcak
0
0
Comments
sign in to comment!
No comments posted yet!